 Dungeon Crawl Stone Soup version 0.30-a0-365-ge7f957f1db (webtiles) character file.

Game seed: 14144012057432488056

97 omnomnOMINOUS the Slasher (level 4, -4/31 HPs)
             Began as an Octopode Wanderer on Nov 16, 2022.
             Was a Follower of the Shining One.
             Slain by a gnoll
             ... wielding a +0 flail
              (10 damage)
             ... on level 2 of the Dungeon.
             The game lasted 00:02:59 (1077 turns).

omnomnOMINOUS the Slasher (Octopode Wanderer)       Turns: 1077, Time: 00:03:00

Health: -4/31      AC:  1    Str:  8    XL:     4   Next: 68%
Magic:  6/6        EV: 12    Int: 15    God:    the Shining One [*.....]
Gold:   51         SH:  4    Dex: 15    Spells: 4/5 levels left

rFire   . . .      SeeInvis .    a - +1 long sword
rCold   . . .      Faith    .    h - +0 buckler
rNeg    . . .      Spirit   .    (helmet restricted)
rPois   .          Reflect  .    (no amulet)
rElec   .          Harm     .    (no ring)
rCorr   .          Rampage  .    (no ring)
Will    .....                    (no ring)
Stlth   +.........               (no ring)
HPRegen 0.25/turn                (no ring)
MPRegen 0.10/turn                (no ring)
                                 (no ring)
                                 (no ring)

@: flying, glowing
A: almost no armour, amphibious, 8 rings, camouflage 1, gelatinous body 1,
(nimble swimmer 1), tentacles
a: Renounce Religion, Divine Shield


You were on level 2 of the Dungeon.
You worshipped the Shining One.
The Shining One was aware of your devotion.
You visited 1 branch of the dungeon, and saw 2 of its levels.

You collected 51 gold pieces.

Inventory:

Hand Weapons
 a - a +1 long sword (weapon)
 b - a +0 short sword
Armour
 h - a +0 buckler (worn)
Scrolls
 d - a scroll of silence {unknown}
 e - a scroll of fear {unknown}
 f - a scroll of immolation {unknown}
 g - a scroll of identify {unknown}
 i - a scroll of magic mapping {unknown}
Potions
 c - 2 potions of curing
 l - a potion of might {unknown}


   Skills:
 + Level 3.5 Fighting
 - Level 2.0(3.9) Short Blades
 + Level 5.3(5.5) Long Blades
 + Level 1.4 Dodging
 + Level 0.7 Shields
 + Level 1.4 Spellcasting
 + Level 0.4 Conjurations
 + Level 1.3 Invocations


You had 4 spell levels left.
You knew the following spells:

 Your Spells              Type           Power      Damage    Failure   Level
a - Magic Dart            Conj           8%         1d3       26%         1

Your spell library contained the following spells:

 Spells                   Type           Power      Damage    Failure   Level
 Sting                    Tmut/Pois      4%         1d3       32%         1
 Call Imp                 Summ           1%         N/A       43%         2
 Mephitic Cloud           Conj/Pois/Air  1%         N/A       65%         3


Dungeon Overview and Level Annotations

Branches:
Dungeon (2/15)

Altars:
The Shining One

Shops:
D:1 (


Innate Abilities, Weirdness & Mutations

You cannot wear most types of armour.
You are amphibious.
You can wear up to eight rings at the same time.
Your skin changes colour to match your surroundings (Stealth+).
Your rubbery body absorbs attacks. (AC +1, EV +1)
((You are camouflaged when in or above water. (Stealth+)))
You have tentacles for arms and can constrict up to eight enemies at once.


Message History

No target in view!
No target in view!
Magic restored.
You see here a +0 club.
A gnoll comes into view. It is wielding a +0 whip.
The gnoll shouts!
You hear a shout!
An adder comes into view.
There are monsters nearby! 2 gnolls come into view.
The gnoll shouts!
You see here 6 gold pieces.
You now have 51 gold pieces (gained 6).
The adder hisses angrily.
You see here a +0 club.
The gnoll shouts!
You hit the gnoll. Your grab misses the gnoll. You squeeze the gnoll.
The gnoll is moderately wounded.
The gnoll hits you with a +0 whip!
You hit the gnoll. You grab the gnoll. You squeeze the gnoll.
You kill the gnoll!
The adder bites you.
You slash the adder! Your grab misses the adder.
The adder is severely wounded.
The adder bites you.
You hit the adder.
You kill the adder!
The gnoll hits you with a +0 flail!
You completely miss the gnoll. You grab the gnoll. You squeeze the gnoll.
The gnoll is moderately wounded.
You constrict the gnoll, but do no damage.
The gnoll hits you with a +0 flail.
* * * LOW HITPOINT WARNING * * *
Okay, then.
Unknown command.
It was a potion of flight.
You feel very buoyant.
You fly up into the air.
You constrict the gnoll. The gnoll closely misses you.
It was a potion of magic.
Magic courses through your body.
You constrict the gnoll. The gnoll hits you with a +0 flail!
You die...

#.# ####...# #.# #.#
###.## #g# #.#
#..####### #S# #.#
##..†....# #.# #.#
######.## #g# #.#
##...# #)# #.#
#..######.#### #.#
#######.#...........
#.#
#..@gg....#####.###.
#.# #..######.## #.#
#. ###.# #.. ###..#
#.###. ....########.
##>..## #.##..
##...........####..###
#.##.#
##.####...........###
#.##.# ###.###..#
#####.....### #.#..#
#.......#
#.....###...#####.#.##
..#.##### ..####
###.†.......).


You could see 2 gnolls.

Vanquished Creatures
  2 gnolls
  3 adders (D:2)
  A dart slug (D:1)
  2 ball pythons (D:1)
  6 bats
  5 endoplasms
  3 giant cockroaches
  6 goblins
  4 hobgoblins (D:1)
  2 kobolds (D:1)
  2 quokkas (D:1)
  2 frilled lizards
  7 rats
45 creatures vanquished.

Notes
Turn   | Place    | Note
-------+----------+-------------------------------------------
     0 | D:1      | omnomnOMINOUS the Octopode Wanderer began the quest for the
                  | Orb.
     0 | D:1      | omnomnOMINOUS set off with the following items: a +1 long
                  | sword, a +0 short sword, a potion of curing.
     0 | D:1      | Reached XP level 1. HP: 16/16 MP: 1/1
    90 | D:1      | Reached XP level 2. HP: 21/21 MP: 2/2
   111 | D:1      | Found a faded altar of an unknown god.
   124 | D:1      | Got Plato's Meditations on Pollution
   125 | D:1      | Prayed at the altar of an unknown god.
   125 | D:1      | Became a worshipper of the Shining One
   125 | D:1      | Reached * piety under the Shining One
   297 | D:1      | Reached skill level 1 in Dodging
   297 | D:1      | Reached XP level 3. HP: 26/26 MP: 4/4
   378 | D:1      | Reached skill level 1 in Spellcasting
   450 | D:1      | Found Vaulitiur's Weapon Shoppe.
   831 | D:2      | Reached skill level 1 in Invocations
   831 | D:2      | Reached XP level 4. HP: 24/31 MP: 5/5
   843 | D:2      | Learned a level 1 spell: Magic Dart
  1077 | D:2      | Slain by a gnoll

Illustrated notes

Levels and vault maps discovered:
D:1:      dpeg_arrival_pits, layout_basic, shapermc_ecumenical_altar_rom_forum,
          serial_shops, shop, chequers_jeans
D:2:      layout_rooms, serial_shops, nicolae_shop_behind_doors

Skill      XL: |  1  2  3 |
---------------+----------+-----
Dodging        | 1 |  1.4
Spellcasting   | 1 |  1.4
Invocations    | 1 |  1.3
Fighting       | |  3.5
Short Blades   | |  2.0
Long Blades    | |  5.3
Shields        | |  0.7
Conjurations   | |  0.4

Action                   |  1- 3 |  4- 6 || total
-------------------------+-------+-------++-------
Melee: Long sword        |    46 |    18 ||    64
       Constrict         |    10 |     8 ||    18
       Tentacles         |     5 |     8 ||    13
  Use: Potion            |       |     2 ||     2
 Stab: Sleeping          |     2 |       ||     2
Armor: Skin              |     4 |     2 ||     6
Dodge: Dodged            |    25 |     8 ||    33
Block: Buckler           |     2 |     1 ||     3

Table legend: (Time is in decaauts)
 A = Elapsed time spent in this place.
 B = Non-inter-level travel time spent in this place.
 C = Inter-level travel time spent in this place.
 D = Time resting spent in this place.
 E = Time spent auto-exploring this place.
 F = Levels seen in this place.
 G = Mean time per level.
                   A        B        C        D        E       F      G
               +--------+--------+--------+--------+--------+-----+--------+
         Total |   1086 |   1064 |     22 |      0 |    783 |   2 |  543.0 |
       Dungeon |   1086 |   1064 |     22 |      0 |    783 |   2 |  543.0 |
               +--------+--------+--------+--------+--------+-----+--------+

Top non-repeatable levels by time:
     D:1: 783 daAuts
     D:2: 302 daAuts
